 Dungeon Crawl Stone Soup version 0.17-a0-1863-g715b4b0 (webtiles) character file.

7702 4thArraOfDagon the Grappler (level 11, -5/117 HPs)
             Began as a Troll Chaos Knight on Sept 20, 2015.
             Was a High Priest of Cheibriados.
             Slain by a wight
             ... wielding a +0 dire flail
              (10 damage)
             ... on level 12 of the Dungeon.
             The game lasted 00:20:24 (3347 turns).

4thArraOfDagon the Grappler (Troll Chaos Knight)    Turns: 3347, Time: 00:20:25

Health: -5/117     AC:  9    Str: 38    XL:     11   Next: 0%
Magic:  0/14       EV: 20    Int: 20    God:    Cheibriados [*****.]
Gold:   94         SH:  0    Dex: 25    Spells: 1 memorised, 11 levels left

rFire  x . .     SeeInvis +       - Unarmed
rCold  + . .     Clarity  .     r - +2 robe
rNeg   . . .     SustAt   .     (no shield)
rPois  .         Gourm    +     (helmet restricted)
rElec  .         Spirit   .     E - +1 cloak of Okkuos {*Contam Regen+ rCorr SInv}
rCorr  +         Warding  .     (gloves unavailable)
rMut   .         Stasis   .     (boots unavailable)
MR     .....                    (no amulet)
Stlth  +++.......               (no ring)
                                p - ring of ice

@: mighty, agile, drained, very slow, not resistant to hostile enchantments,
fairly stealthy
A: unfitting armour, claws 3, horns 2, dopey 1, fast metabolism 3, gourmand,
regeneration 3, robust 1, screaming 1, shaggy fur 1, tough skin 2
a: Bend Time, Temporal Distortion, Slouch, Step From Time, Renounce Religion


You were on level 12 of the Dungeon.
You worshipped Cheibriados.
Cheibriados was extremely pleased with you.
You were not hungry.

You visited 2 branches of the dungeon, and saw 13 of its levels.
You also visited: Ossuary.

You collected 293 gold pieces.
You spent 199 gold pieces at shops.

Inventory:

Hand weapons
 n - a +1 blowgun
Missiles
 o - 10 poisoned needles
 C - 2 large rocks (quivered)
Armour
 r - a +2 robe (worn)
 E - the +1 cloak of Okkuos (worn) {*Contam Regen+ rCorr SInv}
   (You bought it in a shop on level 9 of the Dungeon)

   It lets you see invisible.
   It causes magical contamination when unequipped.
   It increases your rate of regeneration.
   It protects you from acid and corrosion.
Jewellery
 p - a ring of ice (left claw)
Magical devices
 x - a wand of digging (9)
 z - a wand of digging (3)
Scrolls
 c - a scroll of magic mapping
 d - 3 scrolls of blinking {unknown}
 h - 2 scrolls of fog {unknown}
 i - a scroll of brand weapon
 k - 2 scrolls of remove curse {unknown}
 l - a scroll of random uselessness {unknown}
 s - a scroll of recharging {unknown}
 w - a scroll of noise {unknown}
 y - a scroll of immolation {unknown}
Potions
 a - a potion of haste {unknown}
 e - 4 potions of agility
 g - 2 potions of might
 D - a potion of invisibility {unknown}
Comestibles
 b - 8 bread rations
 f - 4 meat rations
 j - 3 fruits
 q - a royal jelly
 v - a beef jerky


   Skills:
 + Level 6.4(6.1) Fighting
 + Level 6.2(5.8) Dodging
 * Level 10.7(10.3) Unarmed Combat
 - Level 2.0(1.6) Spellcasting
 - Level 2.4(2.0) Conjurations
 - Level 2.5(2.1) Fire Magic
 + Level 5.7(5.4) Invocations


You had 11 spell levels left.
You knew the following spells:

 Your Spells              Type           Power        Failure   Level  Hunger
a - Conjure Flame         Conj/Fire      #.......     21%         3    ###....


Dungeon Overview and Level Annotations

Branches:
Dungeon (12/15)            Temple (1/1) D:6
   Lair: D:8-11         Orc: D:9-12

Altars:
Cheibriados
Dithmenos
Nemelex Xobeh
Ru
Xom
Yredelemnul
The Shining One

Shops:
D:5 (   D:8 =   D:9 [:

Annotations:
D:10 Snorg


Innate Abilities, Weirdness & Mutations

You are too large for most types of armour.
You have claws for hands.
Your metabolism is lightning-fast.
You like to eat raw meat.
You regenerate.
You are covered in fur (AC +1).
You have very tough skin (AC +2).
You have a pair of horns on your head.
You are dopey. (Int -2)
You are robust (+10% HP).
You occasionally shout uncontrollably at your foes.


Message History

Cheibriados reduces the support of your attributes as your movement quickens.
A wight comes into view. It is wielding an enchanted scimitar.
Unknown command.
Unknown command.
Unknown command.
Unknown command.
Unknown command.
Use which ability?
You warp the flow of time around you!
You feel somewhat more hungry.
Cheibriados reduces the support of your attributes as your movement quickens.
Unknown command.
Drink which item? (? for menu, Esc to quit)
Okay, then.
Read which item? (? for menu, Esc to quit)
As you read the scroll labeled JILEUX PATSIN, it crumbles to dust.
It is a scroll of enchant weapon.
Enchant which weapon? (? for menu, Esc to quit)
Your blowgun glows red for a moment.
The wight hits you with a dire flail!
You die...
Xom guffaws!

########
#####......#
...........#
.....z.....#
....(.z.z.#
#....@..# #....JJ.#
#....J.(#
#####...###))...J'.
........# #.#....#.
########..#
#.#....#
.......#..# #.#
...# .......#..#
#.#+####
.......!..###......


You could see 3 slime creatures and 3 wights.

Vanquished Creatures
  Erica (D:8)
  Erolcha (D:8)
  Joseph (D:10)
  Prince Ribbit (D:9)
  A slime creature (D:12)
  A two-headed ogre (D:9)
  A deep elf mage (D:11)
  2 hippogriffs
  3 hungry ghosts
  A warg (D:11)
  A water moccasin (D:8)
  2 orc warriors
  3 sky beasts
  4 ice beasts
  2 phantoms
  3 ogres
  2 crocodiles
  5 centaurs
  6 giant frogs
  2 big kobolds
  A water moccasin zombie (Ossuary)
  6 killer bees
  A wyvern skeleton (D:11)
  7 wights
  A scorpion (D:8)
  8 crimson imps
  6 hounds
  3 jellies
  5 orc priests
  A centaur skeleton (D:8)
  4 giant frog skeletons
  8 orc wizards
  3 worker ants
  A quasit (D:7)
  A killer bee zombie (D:5)
  3 big kobold zombies (Ossuary)
  3 mummies
  Robin (D:4)
  7 adders
  A worker ant zombie (D:8)
  3 gnolls (D:6)
  2 shadow imps
  An ooze (D:2)
  5 adder zombies
  An adder skeleton (D:9)
  A worm (D:2)
  3 giant geckos
  28 orcs
  11 goblins
  3 hobgoblins
  11 jackals
  4 quokkas
  A ball python (D:2)
  3 giant cockroaches
  3 giant newts
  A gnoll zombie (Ossuary)
  7 hobgoblin zombies
  A jackal zombie (D:8)
  12 kobolds
  4 kobold zombies (Ossuary)
  2 orc zombies (Ossuary)
  A quokka zombie (D:8)
  2 rats
  A spectral orc (D:9)
225 creatures vanquished.

Vanquished Creatures (others)
  A kobold (D:8)
1 creature vanquished.

Grand Total: 226 creatures vanquished

Notes
Turn   | Place    | Note
--------------------------------------------------------------
     0 | D:1      | 4thArraOfDagon the Troll Chaos Knight began the quest for the Orb.
     0 | D:1      | Reached XP level 1. HP: 22/22 MP: 0/0
    82 | D:2      | Reached XP level 2. HP: 29/29 MP: 1/1
    93 | D:2      | XOM: harmless Tloc miscast
   141 | D:3      | XOM: butterfly on damage
   162 | D:2      | Reached XP level 3. HP: 17/36 MP: 2/2
   197 | D:3      | Found a faded altar to an unknown god.
   233 | D:4      | Noticed a phantom
   237 | D:5      | Entered Level 5 of the Dungeon
   261 | D:5      | Reached skill level 4 in Unarmed Combat
   261 | D:5      | Reached XP level 4. HP: 40/44 MP: 3/3
   303 | D:6      | Noticed a giant frog
   304 | D:6      | XOM: potion effect (berserk rage)
   308 | D:6      | Killed a giant frog
   308 | D:6      | Reached XP level 5. HP: 53/53 MP: 4/4
   380 | D:6      | Found a staircase to the Ecumenical Temple.
   391 | Temple   | Entered the Ecumenical Temple
   406 | Temple   | Fell from the grace of Xom
   406 | Temple   | Became a worshipper of Cheibriados the Contemplative
   445 | D:6      | Noticed a giant frog
   458 | D:6      | Killed a giant frog
   458 | D:6      | Reached skill level 5 in Unarmed Combat
   468 | D:6      | Found a sand-covered staircase.
   474 | D:6      | Reached XP level 6. HP: 49/61 MP: 5/5
   477 | Ossuary  | Entered an ossuary
   572 | Ossuary  | Reached skill level 1 in Invocations
   619 | Ossuary  | XOM: medium Fire miscast
   842 | D:5      | Noticed a big kobold
   854 | D:5      | Acquired Cheibriados's first power
   875 | D:5      | Killed a big kobold
   875 | D:5      | Reached XP level 7. HP: 64/68 MP: 7/7
   983 | D:5      | Noticed an ice beast
   984 | D:5      | Noticed a giant frog
   993 | D:5      | Killed an ice beast
   993 | D:5      | Reached skill level 6 in Unarmed Combat
  1004 | D:5      | Killed a giant frog
  1007 | D:5      | Found Plog's Antique Weapon Shop.
  1054 | D:5      | XOM: medium Necr miscast
  1055 | D:5      | Noticed a shadow
  1055 | D:5      | Noticed a shadow
  1104 | D:4      | Killed a phantom
  1144 | D:4      | Noticed Robin
  1151 | D:4      | Killed Robin
  1335 | D:5      | Acquired Cheibriados's second power
  1422 | D:5      | Reached XP level 8. HP: 75/79 MP: 7/9
  1474 | D:6      | Noticed a sky beast
  1479 | D:6      | Killed a sky beast
  1517 | D:6      | Noticed an ogre
  1524 | D:6      | Killed an ogre
  1524 | D:6      | Reached skill level 7 in Unarmed Combat
  1536 | D:6      | Learned a level 3 spell: Conjure Flame
  1672 | D:7      | Reached skill level 1 in Fire Magic
  1692 | D:7      | Reached skill level 1 in Spellcasting
  1692 | D:7      | Reached skill level 1 in Conjurations
  1745 | D:7      | Acquired Cheibriados's third power
  1762 | D:7      | Reached XP level 9. HP: 81/87 MP: 10/10
  1766 | D:7      | Gained mutation: You have a pair of small horns on your head. [mutagenic meat]
  1767 | D:7      | Gained mutation: Scrolls take you a little longer to read. [mutagenic meat]
  1768 | D:7      | Lost mutation: Scrolls take you a little longer to read. [mutagenic meat]
  1769 | D:7      | Gained mutation: You are robust (+10% HP). [mutagenic meat]
  1770 | D:7      | Gained mutation: Your flesh is cold resistant. [mutagenic meat]
  1859 | D:8      | Noticed Erica
  1941 | D:8      | Reached skill level 5 in Fighting
  1953 | D:8      | Reached skill level 8 in Unarmed Combat
  2005 | D:8      | Found a shadowy altar of Dithmenos.
  2108 | D:9      | Found a shimmering altar of Xom.
  2108 | D:9      | Found a shimmering altar of Xom.
  2110 | D:9      | Found a shimmering altar of Xom.
  2111 | D:9      | Found a shimmering altar of Xom.
  2113 | D:9      | Found a shimmering altar of Xom.
  2139 | D:9      | Found a sacrificial altar of Ru.
  2176 | D:9      | Found Uwirch's Book Emporium.
  2247 | D:8      | Acquired Cheibriados's fourth power
  2258 | D:8      | XOM: give mutations
  2258 | D:8      | Lost mutation: Your flesh is cold resistant. [Xom's mischief]
  2258 | D:8      | Gained mutation: You occasionally shout uncontrollably at your foes. [Xom's mischief]
  2258 | D:8      | Gained mutation: You regenerate. [Xom's mischief]
  2258 | D:8      | Gained mutation: You are dopey. (Int -2) [Xom's mischief]
  2321 | D:9      | XOM: medium Ice miscast
  2323 | D:9      | Reached skill level 5 in Dodging
  2355 | D:10     | Entered Level 10 of the Dungeon
  2356 | D:10     | XOM: blink monster(s)
  2369 | D:10     | XOM: noise
  2423 | D:10     | XOM: medium Tloc miscast
  2436 | D:10     | Noticed Joseph
  2452 | D:10     | Reached skill level 9 in Unarmed Combat
  2453 | D:10     | Killed Joseph
  2453 | D:10     | Reached XP level 10. HP: 40/105 MP: 6/12
  2564 | D:9      | Noticed Prince Ribbit
  2576 | D:9      | Killed Prince Ribbit
  2579 | D:9      | Found a glowing golden altar of the Shining One.
  2648 | D:8      | Noticed Erolcha
  2655 | D:8      | Killed Erica
  2655 | D:8      | Reached skill level 5 in Invocations
  2670 | D:8      | Killed Erolcha
  2670 | D:8      | Reached skill level 10 in Unarmed Combat
  2713 | D:8      | Found Tymaez's Jewellery Boutique.
  2889 | D:8      | XOM: noise
  2902 | D:8      | XOM: medium Divn miscast
  2943 | D:9      | Found Zibegryaw's Antique Armour Shoppe.
  2948 | D:9      | Bought an ancient cloak for 199 gold pieces
  2958 | D:9      | Identified the +1 cloak of Okkuos {*Contam Regen+ rCorr SInv} (You bought it in a shop on level 9 of the Dungeon)
  3060 | D:9      | Found a basalt altar of Yredelemnul.
  3065 | D:9      | XOM: mild Pois miscast
  3089 | D:10     | Noticed Snorg
  3180 | D:11     | Gained mutation: You have a pair of horns on your head. [potion of beneficial mutation]
  3230 | D:11     | Noticed a six-headed hydra
  3342 | D:12     | Reached XP level 11. HP: 45/117 MP: 14/14
  3345 | D:12     | HP: 3/117 [centaur (6)]
  3347 | D:12     | Slain by a wight

Vault maps used:
D:1:      lightli_arrival_quake
D:2:      uniq_iyjb, uniq_sigmund, uniq_natasha
D:3:      lemuel_crystal_altar, ecumenical_altar_2, interstate_on_off
D:4:      elyvilon_altar_1, first_bread, fedhas_bush_and_centaur_altar,
          uniq_robin
D:5:      serial_shops, kennysheep_mini
D:6:      minmay_temple_entry_glassed_door, nicolae_ossuary_entry_giza,
          grunt_ministairs_15, kennysheep_generic_room_11
D:7:      the_bakery, minmay_tree_intersection
D:8:      lemuel_doored_altar, serial_shops, kennysheep_little_box,
          nicolae_zen_rock_garden, nicolae_water_bricks,
          nemelex_spade_bored_becter, uniq_maurice, uniq_erica, uniq_erolcha
D:9:      yredelemnul_forgotten_temple_becter, hangedman_ru_absence,
          kennysheep_mini_moat, xom_redecorated, serial_shops, shop_fountains,
          shop, shop, minivault_25, feat_on_display, uniq_prince_ribbit1
D:10:     uniq_joseph, uniq_snorg
D:11:     minmay_orc_entry_guard_dogs
D:12:     serial_shops, shop_statue, serial_column_ruins, column_ruins_grid_1,
          column_ruins_open_small, column_ruins_open_large, column_ruins_grid_1,
          column_ruins_corridor_straight, column_ruins_open_tiny
Temple:   oiseaux_autumnal_temple_12
Ossuary:  ossuary_tomb_2

Action                   |  1- 3 |  4- 6 |  7- 9 | 10-12 || total
-------------------------+-------+-------+-------+-------++-------
Melee: Unarmed           |    58 |   146 |   319 |   114 ||   637
Invok: Slouch            |       |       |     1 |     1 ||     2
       Step From Time    |       |       |       |     1 ||     1
       Temporal Distorti |       |       |       |     1 ||     1
  Use: Scroll            |       |     3 |     3 |     7 ||    13
       Potion            |       |       |       |     6 ||     6
 Stab: Sleeping          |       |       |     3 |       ||     3
       Distracted        |       |       |     1 |       ||     1
  Eat: Chunk             |     7 |     1 |    26 |     8 ||    42
